 Dungeon Crawl Stone Soup version 0.29.1-2-gbd0b4ee654 (webtiles) character file.

Game seed: 14212854808508074506

221 GorkyZ the Shield-Bearer (level 6, 0/49 HPs)
             Began as a Formicid Fighter on Nov 19, 2022.
             Slain by an ogre
             ... wielding a +0 giant spiked club
              (15 damage)
             ... on level 4 of the Dungeon.
             The game lasted 00:07:17 (2712 turns).

GorkyZ the Shield-Bearer (Formicid Fighter)         Turns: 2712, Time: 00:07:17

Health: 0/49       AC:  7    Str: 22    XL:     6   Next: 19%
Magic:  6/6        EV:  9    Int:  8    God:
Gold:   228        SH:  5    Dex: 13    Spells: 5/5 levels left

rFire   . . .      SeeInvis +   a - +0 war axe
rCold   . . .      Faith    .   c - +0 buckler
rNeg    . . .      Spirit   .   b - +0 scale mail
rPois   .          Reflect  .   (helmet unavailable)
rElec   .          Harm     .   (no cloak)
rCorr   .          Rampage  .   (no gloves)
Will    .....                   (no boots)
Stlth   ..........              (no amulet)
HPRegen 0.16/turn               (no ring)
MPRegen 0.10/turn               (no ring)

@: no status effects
A: permanent stasis, dig shafts and tunnels, antennae 3, four strong arms
a: Dig, Shaft Self


You were on level 4 of the Dungeon.
You visited 1 branch of the dungeon, and saw 4 of its levels.

You collected 228 gold pieces.

Inventory:

Hand Weapons
 a - a +0 war axe (weapon)
 q - a +0 dagger
Armour
 b - a +0 scale mail (worn)
 c - a +0 buckler (worn)
Scrolls
 e - 2 scrolls of teleportation {unknown}
 g - a scroll of silence {unknown}
 i - a scroll of magic mapping {unknown}
 k - 2 scrolls of fear {unknown}
 l - a scroll of blinking {unknown}
 n - a scroll of acquirement {unknown}
 p - a scroll of identify {unknown}
 r - a scroll of vulnerability {unknown}
Potions
 d - a potion of might
 f - 2 potions of brilliance {unknown}
 h - a potion of magic {unknown}
 j - 3 potions of lignification {unknown}
 m - a potion of heal wounds {unknown}
 o - a potion of resistance {unknown}
 s - a potion of attraction {unknown}


   Skills:
 + Level 4.5 Fighting
 + Level 3.3 Axes
 + Level 4.5 Armour
 + Level 5.4 Shields


You had 5 spell levels left.
You didn't know any spells.
Your spell library contained the following spells:

 Spells                   Type           Power      Damage    Failure   Level
 Slow                     Hex            0%         N/A       80%         1
 Confusing Touch          Hex            0%         N/A       99%         3
 Vampiric Draining        Necr           0%         2d6       99%         3


Dungeon Overview and Level Annotations

Branches:
Dungeon (4/15)
 Temple: D:4-7

Altars:
Ashenzari
Okawaru

Shops:
D:3 =


Innate Abilities, Weirdness & Mutations

You cannot be hasted, slowed, berserked, paralysed or teleported.
You can dig through walls and to a lower floor.
You have a pair of large antennae on your head. (SInv)
Your four strong arms can wield two-handed weapons with a shield.


Message History

No target in view!
No target in view!
Found a stone staircase leading down.
Found an escape hatch in the ceiling.
No target in view!
Found a stone staircase leading up.
Found a stone staircase leading down.
No target in view!
You sense a monster nearby.
There is a stone staircase leading down here.
s - a sedimented brown potion You now have 228 gold pieces (gained 18).
An ogre comes into view. It is wielding a +0 giant spiked club.
The ogre shouts!
You hit the ogre.
The ogre is lightly wounded.
The ogre hits you with a +0 giant spiked club!!!
Ouch! That really hurt!
* * * LOW HITPOINT WARNING * * *
You are too injured to fight recklessly!
You are too injured to fight recklessly!
You are too injured to fight recklessly!
You barely miss the ogre.
The ogre is lightly wounded.
You block the ogre's attack.
You slash the ogre!
The ogre is heavily wounded.
You block the ogre's attack.
You hit the ogre.
The ogre is heavily wounded.
The ogre barely misses you.
You hit the ogre.
The ogre is severely wounded.
The ogre completely misses you.
You barely miss the ogre.
The ogre is severely wounded.
You closely miss the ogre.
The ogre is severely wounded.
The ogre hits you with a +0 giant spiked club!
You die...

#...#####
.....<... ######
............#....#
........... #..$.#
.......... #....#
...^.....# #....#
.........####....#
#..............O.#
####...#########@#
............>....#
#.##......##.....#
#.#.......##.....#
..........##.....#
.....<....##.....#
.........###.....#
.........# #.#####
.........# #.#


You could see an ogre.

Vanquished Creatures
  A phantom (D:4)
  A jelly (D:4)
  Robin (D:4)
  2 adders
  A worm (D:3)
  A dart slug (D:4)
  An orc (D:3)
  3 endoplasms
  3 giant cockroaches
  12 hobgoblins
  8 jackals (D:3)
  2 quokkas (D:1)
  4 ball pythons
  6 bats
  5 frilled lizards
  8 goblins
  13 kobolds
  8 rats
  5 bushes (D:1)
85 creatures vanquished.

Vanquished Creatures (others)
  11 plants (D:1)
11 creatures vanquished.

Grand Total: 96 creatures vanquished

Notes
Turn   | Place    | Note
-------+----------+-------------------------------------------
     0 | D:1      | GorkyZ the Formicid Fighter began the quest for the Orb.
     0 | D:1      | Reached XP level 1. HP: 18/18 MP: 1/1
   139 | D:1      | Found a faded altar of an unknown god.
   222 | D:1      | Reached XP level 2. HP: 24/24 MP: 2/2
   887 | D:1      | Reached XP level 3. HP: 29/29 MP: 3/3
  1475 | D:2      | You fall into a shaft and drop 1 floor!
  1520 | D:3      | Reached XP level 4. HP: 30/37 MP: 4/4
  1601 | D:3      | Found Aste's Jewellery Shop.
  2262 | D:4      | Noticed a phantom
  2267 | D:4      | Killed a phantom
  2268 | D:4      | Reached skill level 5 in Shields
  2268 | D:4      | Reached XP level 5. HP: 39/42 MP: 5/5
  2297 | D:4      | Noticed Robin
  2307 | D:4      | Killed Robin
  2464 | D:4      | Reached XP level 6. HP: 49/49 MP: 6/6
  2537 | D:4      | Found a broken altar of Ashenzari.
  2590 | D:4      | Found an iron altar of Okawaru.
  2705 | D:4      | Noticed an ogre
  2712 | D:4      | Slain by an ogre

Illustrated notes

Levels and vault maps discovered:
D:1:      wander_arrival_fairy_ring, layout_loops_cross,
          ebering_ecumenical_altar_sacrificial, lexackson_kobold_supper
D:2:      layout_loops_corners
D:3:      layout_basic, serial_shops, shop, chequers_serial_rivers_room_a
D:4:      layout_basic, mainiacjoe_overflow_two_lobes, uniq_robin

Skill      XL: |  1  2  3  4 |
---------------+-------------+-----
Armour         | 4 |  4.5
Fighting       | 4 |  4.5
Axes           | 3 |  3.3
Shields        | 5 |  5.4

Action                   |  1- 3 |  4- 6 || total
-------------------------+-------+-------++-------
Melee: War axe           |   306 |    97 ||   403
Armor: Scale mail        |    62 |    56 ||   118
Dodge: Dodged            |    53 |    56 ||   109
Block: Buckler           |    42 |    28 ||    70
